Map: Kairos Junction LE

Players

DarwinAwdWnr - Winner!

  • Race: Zerg Zerg
  • Spawn Location: 11:00

CannibalX

  • Race: Zerg Zerg
  • League: Platinum
  • Spawn Location: 5:00

VOD

Have the link to the VOD?

Description

Time

  • Played on: June 15, 2019, 1:38 a.m.
  • Length: 8:37
Show
View Real Time Build Order
Export as new Build Order

DarwinAwdWnr Zerg - Winner!

Build Orders: Hatch First 

Get SALT Encoding   

  12  0:01  Drone  
  13  0:08  Drone  
  14  0:16  Overlord  
  14  0:35  Drone x2  
  16  0:55  Hatchery  
  15  1:00  Drone x3  
  18  1:08  Extractor  
  17  1:11  Drone  
  18  1:26  Drone  
  18  1:31  Spawning Pool  
  18  1:48  Drone  
  18  1:51  Drone  
  20  1:57  Hatchery  
  20  1:59  Overlord  
  19  2:18  Metabolic Boost  
  19  2:19  Queen  
  19  2:22  Zergling x4  
  23  2:34  Queen  
  25  2:46  Drone  
  25  2:47  Drone x3  
  25  2:48  Drone  
  30  3:03  Baneling Nest  
  28  3:19  Zergling x2  
  32  3:20  Zergling x10  
  32  3:21  Spine Crawler  
  32  3:28  Zergling x4  
  32  3:42  Zergling x2  
  32  3:43  Zergling x10  
  32  3:47  Zergling x2  
  32  3:48  Zergling x2  
  36  3:51  Zergling x2  
  36  3:53  Zergling x2  
  34  3:57  Zergling x2  
  34  3:58  Zergling x2  
  32  4:05  Zergling x4  
  32  4:09  Baneling x2  
  33  4:11  Baneling  
  33  4:28  Zergling x2  
  33  4:29  Zergling x10  
  33  4:30  Zergling x2  
  39  4:53  Baneling x3  
  39  4:54  Zergling x4  
  41  5:04  Baneling x2  
  41  5:09  Overlord x2  
  41  5:27  Queen x2  
  45  5:36  Baneling x4  
  45  5:37  Baneling x2  
  45  5:38  Baneling  
  45  5:49  Queen  
  47  6:03  Queen  
  42  6:26  Zergling x2  
  42  6:27  Zergling x16  
  42  6:40  Zergling x2  
  42  6:41  Zergling x4  
  40  7:02  Zergling x10  
  40  7:03  Zergling x12  
  40  7:07  Zergling x2  
  45  7:16  Spine Crawler  
  45  7:18  Spine Crawler  
  45  7:20  Spine Crawler  
  31  7:48  Zergling x10  
  31  7:49  Zergling x16  
  39  7:59  Zergling x2  
  39  8:00  Zergling x4  
  41  8:16  Zergling x2  
  41  8:17  Zergling x4  
Show
View Real Time Build Order
Export as new Build Order

CannibalX Zerg 

Build Orders: Hatch First 

Get SALT Encoding   

  12  0:08  Overlord  
  12  0:12  Drone  
  13  0:17  Drone  
  14  0:26  Drone  
  15  0:31  Drone  
  16  0:53  Hatchery  
  16  0:54  Drone  
  16  0:59  Drone  
  16  1:02  Extractor  
  16  1:16  Spawning Pool  
  16  1:17  Drone  
  16  1:21  Drone  
  17  1:28  Drone  
  18  1:40  Drone  
  19  1:51  Drone  
  20  2:01  Overlord  
  20  2:05  Queen  
  20  2:07  Queen  
  24  2:09  Zergling x2  
  24  2:11  Metabolic Boost  
  25  2:17  Drone  
  25  2:18  Drone  
  25  2:22  Zergling x2  
  28  2:29  Zergling x2  
  30  2:30  Zergling x2  
  30  2:40  Zergling x4  
  32  2:50  Zergling x2  
  32  2:51  Zergling x2  
  34  2:59  Zergling x2  
  34  3:01  Zergling x2  
  35  3:19  Zergling x2  
  36  3:21  Overlord x2  
  35  3:43  Zergling x10  
  35  3:44  Zergling x2  
  39  3:55  Zergling x4  
  37  4:09  Drone x2  
  36  4:10  Drone x3  
  38  4:26  Zergling x4  
  39  4:39  Zergling x2  
  39  4:40  Zergling x2, Drone x2  
  42  5:00  Drone x5  
  42  5:02  Extractor  
  42  5:03  Extractor  
  45  5:08  Roach Warren  
  45  5:11  Extractor  
  43  5:23  Drone x4  
  43  5:24  Drone, Spine Crawler  
  43  5:27  Hatchery  
  46  5:42  Overlord x2  
  46  5:49  Roach x2  
  50  5:51  Overlord x2  
  50  5:52  Overlord  
  32  6:12  Roach x4  
  32  6:13  Roach x5  
  19  6:41  Roach x7  
  8  8:23  Drone x2  
Tags
 
League
Platinum
Matchup
ZvZ
Race
Zerg
Replay Pack
10.7.19
Spawn Locations
Cross Positions
Add a new tag
Caveats
  • Supply blocks, unpowered buildings, or Contaminate may cause inaccurate times.
  • Supply counts are checked every 10 seconds.